 Dungeon Sprint DCSS version 0.22-a0-467-g5c5de1c (webtiles) character file.

1332 emperorscorpion the Grappler (level 8, 0/62 HPs)
             Began as a Pale Draconian Transmuter on June 10, 2018.
             Was a Priest of Sif Muna.
             Slain by a two-headed ogre
             ... wielding a +0 giant club
              (14 damage)
             ... in the Dungeon (Sprint IX: "|||||||||||||||||||||||||||||").
             The game lasted 00:03:40 (672 turns).

emperorscorpion the Grappler (DrTm)                  Turns: 672, Time: 00:03:41

Health: 0/62       AC:  2    Str: 14    XL:     8   Next: 34%
Magic:  13/18      EV: 27    Int: 16    God:    Sif Muna [***...]
Gold:   0          SH:  0    Dex: 18    Spells: 11/21 levels left

rFire    . . .     SeeInvis .     - Unarmed
rCold    . . .     Gourm    .   (shield currently unavailable)
rNeg     . . .     Faith    .   (armour unavailable)
rPois    x         Spirit   .   (helmet currently unavailable)
rElec    .         Reflect  .   (cloak currently unavailable)
rCorr    .         Harm     .   (gloves currently unavailable)
MR       .....     NoTele   +   (boots currently unavailable)
Stlth    ++........             (no amulet)
HPRegen  0.20/turn              o - +2 ring of evasion
MPRegen  0.16/turn              p - +3 ring of intelligence

@: spider-form
A: tiny, (breathe steam), unfitting armour, AC +6
a: End Transformation, Divine Energy, Channel Magic, Renounce Religion


You were in the Dungeon.
You worshipped Sif Muna.
Sif Muna was most pleased with you.
You were not hungry.
You were a venomous arachnid creature.
You visited 1 branch

Inventory:

Missiles
 a - 11 arrows
Armour
 n - a +0 pair of boots (melded)
 q - a +0 cloak (melded)
Magical Staves
 m - an uncursed staff of energy
Jewellery
 o - a +2 ring of evasion (left front leg)
 p - a +3 ring of intelligence (right front leg)
Wands
 l - a wand of iceblast (9)
Scrolls
 i - 2 scrolls of blinking
 j - 3 scrolls of remove curse
 k - 2 scrolls of amnesia
Potions
 d - 5 potions of curing
 f - a potion of haste
 g - 4 potions of magic
 h - a potion of invisibility
Comestibles
 c - a ration


   Skills:
 + Level 2.4 Fighting
 + Level 6.0 Dodging
 + Level 1.0 Stealth
 + Level 13.4 Unarmed Combat
 + Level 7.0 Spellcasting
 * Level 8.2 Transmutations
 + Level 0.6 Poison Magic


You had 11 spell levels left.
You knew the following spells:

 Your Spells              Type           Power        Failure   Level  Hunger
a - Beastly Appendage     Tmut           ####..       3%          1    None
b - Sticks to Snakes      Tmut           ####....     4%          2    None
c - Ice Form              Ice/Tmut       ###.....     43%         4    ####...
d - Spider Form           Tmut/Pois      ###.......   17%         3    ##.....

Your spell library contained the following spells:

 Spells                   Type           Power        Failure   Level  Hunger
 Blade Hands              Tmut           ####......   28%         5    #####..


Dungeon Overview and Level Annotations

Branches:
Dungeon (1/1)

Altars:
Cheibriados
Dithmenos
Elyvilon
Fedhas
Gozag
Hepliaklqana
Kikubaaqudgha
Makhleb
Nemelex Xobeh
Okawaru
Qazlal
Ru
Sif Muna
Trog
Uskayaw
Vehumet
Wu Jian
Xom
Yredelemnul
Zin
The Shining One
Beogh
Jiyva
Lugonu


Innate Abilities, Weirdness & Mutations

((You can breathe blasts of scalding, opaque steam.))
((Your pale cyan-grey scales are hard. (AC +6)))
You cannot fit into any form of body armour.
((You are cold-blooded and may be slowed by cold attacks.))


Message History

Items here: ))))))
There is an open door here.
There is a glowing golden altar of the Shining One here.
Casting: Spider Form (safe; 6% risk of failure)
Confirm with . or Enter, or press ? or * to list all spells.
You turn into a venomous arachnid creature.
Your +0 cloak melds into your body.
Your +0 pair of boots melds into your body.
You bite the two-headed ogre!
The two-headed ogre is moderately wounded.
The two-headed ogre hits you with a giant club!
* * * LOW HITPOINT WARNING * * *
The two-headed ogre misses you.
You barely miss the two-headed ogre.
The two-headed ogre is moderately wounded.
You hit the two-headed ogre.
The two-headed ogre is moderately wounded.
The two-headed ogre barely misses you.
The two-headed ogre hits you with a great mace!
You die...

▓_▓
▓_▓
▓_▓
▓_▓
▓_▓
▓_▓
▓_▓
▓_▓
▓s▓
▓O▓
▓F▓
▓.▓
▓.▓
▓)▓
▓.▓
▓.▓
▓[▓


You could see a two-headed ogre and a bullfrog.

Vanquished Creatures
  A cyclops (D)
  A guardian serpent (shapeshifter) (D)
  A hippogriff (D)
  2 yaks (D)
  A crimson imp (D)
  2 jellies (D)
  2 worker ants (D)
  An adder (D)
  A dart slug (D)
  A leopard gecko (D)
  A bat (D)
  A bat zombie (D)
  A goblin (D)
  A hobgoblin (D)
  A ball python skeleton (D)
  A giant cockroach zombie (D)
  A rat (D)
20 creatures vanquished.

Notes
Turn   | Place    | Note
-------+----------+-------------------------------------------
     0 | D        | emperorscorpion the Draconian Transmuter began the quest for the Orb.
     0 | D        | Reached XP level 1. HP: 16/16 MP: 3/3
    19 | D        | Reached skill level 4 in Unarmed Combat
   202 | D        | Noticed a worker ant
   202 | D        | Noticed a worker ant
   202 | D        | Noticed a crimson imp
   203 | D        | Reached XP level 2. HP: 23/23 MP: 3/5
   207 | D        | Reached skill level 5 in Unarmed Combat
   207 | D        | Reached XP level 3. HP: 28/28 MP: 3/7
   208 | D        | Reached skill level 6 in Unarmed Combat
   212 | D        | Reached skill level 7 in Unarmed Combat
   212 | D        | Reached XP level 4. HP: 35/35 MP: 3/9
   222 | D        | Found a roughly hewn altar of Beogh.
   222 | D        | Found a snail-covered altar of Cheibriados.
   222 | D        | Found a shadowy altar of Dithmenos.
   222 | D        | Found a white marble altar of Elyvilon.
   222 | D        | Found a blossoming altar of Fedhas.
   222 | D        | Found an opulent altar of Gozag.
   223 | D        | Found a hazy altar of Hepliaklqana.
   224 | D        | Found a viscous altar of Jiyva.
   225 | D        | Found an ancient bone altar of Kikubaaqudgha.
   226 | D        | Found a corrupted altar of Lugonu.
   227 | D        | Found a burning altar of Makhleb.
   228 | D        | Found a sparkling altar of Nemelex Xobeh.
   229 | D        | Found an iron altar of Okawaru.
   230 | D        | Found a stormy altar of Qazlal.
   231 | D        | Found a sacrificial altar of Ru.
   232 | D        | Found a deep blue altar of Sif Muna.
   233 | D        | Found a bloodstained altar of Trog.
   234 | D        | Found a hide-covered altar of Uskayaw.
   235 | D        | Found a radiant altar of Vehumet.
   236 | D        | Found an ornate altar of the Wu Jian Council.
   237 | D        | Found a shimmering altar of Xom.
   238 | D        | Found a basalt altar of Yredelemnul.
   239 | D        | Found a glowing silver altar of Zin.
   240 | D        | Became a worshipper of Sif Muna the Loreminder
   241 | D        | Found a glowing golden altar of the Shining One.
   288 | D        | Learned a level 2 spell: Sticks to Snakes
   293 | D        | Learned a level 4 spell: Ice Form
   300 | D        | Learned a level 3 spell: Spider Form
   302 | D        | Noticed a yak
   311 | D        | Killed a yak
   311 | D        | Reached skill level 9 in Unarmed Combat
   311 | D        | Reached skill level 5 in Spellcasting
   311 | D        | Reached XP level 5. HP: 24/41 MP: 5/12
   321 | D        | Reached * piety under Sif Muna
   321 | D        | Reached skill level 5 in Transmutations
   321 | D        | Reached XP level 6. HP: 3/48 MP: 6/13
   603 | D        | Reached skill level 10 in Unarmed Combat
   612 | D        | Noticed a yak
   612 | D        | Noticed a guardian serpent
   612 | D        | Noticed a hippogriff
   612 | D        | Noticed a cyclops
   612 | D        | Noticed a two-headed ogre
   621 | D        | Killed a yak
   621 | D        | Reached ** piety under Sif Muna
   621 | D        | Reached skill level 11 in Unarmed Combat
   632 | D        | Killed a guardian serpent
   632 | D        | Reached skill level 5 in Dodging
   632 | D        | Reached skill level 12 in Unarmed Combat
   632 | D        | Your scales start taking on a pale cyan-grey colour.
   632 | D        | Reached XP level 7. HP: 52/55 MP: 14/16
   637 | D        | Killed a hippogriff
   643 | D        | HP: 1/55 [cyclops (32)]
   649 | D        | Killed a cyclops
   649 | D        | Reached *** piety under Sif Muna
   649 | D        | Reached skill level 1 in Stealth
   649 | D        | Reached skill level 13 in Unarmed Combat
   649 | D        | Reached XP level 8. HP: 25/62 MP: 13/18
   672 | D        | Slain by a two-headed ogre

Vault maps used:
D:        linesprint

Skill      XL: |  1  2  3  4  5  6  7 |
---------------+----------------------+-----
Dodging        | 2 3 4 5 6 |  6.0
Unarmed Combat | 4 5 7 9 12 13 | 13.4
Spellcasting   | 3 5 6 7 |  7.0
Transmutations | 3 4 5 7 8 |  8.2
Fighting       | 2 |  2.4
Stealth        | 1 |  1.0
Poison Magic   | |  0.6

Action                   |  1- 3 |  4- 6 |  7- 9 || total
-------------------------+-------+-------+-------++-------
Melee: Unarmed           |    22 |    40 |    15 ||    77
       Tailslap          |     4 |       |       ||     4
       Headbutt          |     3 |     1 |       ||     4
       Punch             |     1 |       |       ||     1
 Cast: Beastly Appendage |     1 |       |       ||     1
       Spider Form       |       |     2 |     2 ||     4
       Sticks to Snakes  |       |     1 |       ||     1
Evoke: Wand              |       |     1 |       ||     1
  Use: Potion            |     1 |       |     3 ||     4
Armor: Skin              |     4 |       |     1 ||     5
Dodge: Dodged            |    10 |    30 |    12 ||    52

Table legend:
 A = Spawn XP
 B = Non-spawn XP
 C = Spawn XP percentage of total XP
 D = Spawn monster count
 E = Non-spawn monster count
 F = Spawn count percentage of total count
 G = Total turns spent on level
                    A         B        C        D         E        F      G
               +---------+---------+-------+---------+---------+-------+---------
         Total |       0 |    1903 |   0.0 |       0 |      20 |   0.0 |   672
               +---------+---------+-------+---------+---------+-------+---------
             D |       0 |    1903 |   0.0 |       0 |      20 |   0.0 |   672
               +---------+---------+-------+---------+---------+-------+---------
